 Dungeon Crawl Stone Soup version 0.21.1-1-g345015f (webtiles) character file.

86 Fangish the Ruffian (level 4, 0/37 (38) HPs)
             Began as a Ghoul Gladiator on July 3, 2018.
             Slain by a crimson imp (3 damage)
             ... on level 3 of the Dungeon.
             The game lasted 00:19:42 (934 turns).

Fangish the Ruffian (Ghoul Gladiator)                Turns: 934, Time: 00:19:42

HP:   0/37 (38)     AC: 10    Str: 18    XL:     4   Next: 49%
MP:   3/3           EV:  8    Int:  3    God:
Gold: 67            SH:  0    Dex: 10    Spells: 3/3 levels left

rFire    . . .     SeeInvis .     - Unarmed
rCold    + . .     Gourm    .   (no shield)
rNeg     + + +     Faith    .   p - +0 chain mail
rPois    ∞         Spirit   .   b - +0 helmet
rElec    .         Reflect  .   (no cloak)
rCorr    .         Harm     .   (no gloves)
MR       .....                  l - +0 pair of boots
Stlth    ..........             (no amulet)
HPRegen  0.00/turn              f - ring of poison resistance
MPRegen  0.08/turn              (no ring)

@: rotting
A: rotting body, claws 1, carnivore, cold resistance 1, negative energy
resistance 3, inhibited regeneration, torment resistance, unbreathing
a: no special abilities


You were on level 3 of the Dungeon.
You were not hungry.

You visited 1 branch of the dungeon, and saw 3 of its levels.

You collected 67 gold pieces.

Inventory:

Hand Weapons
 q - a +1 short sword of electrocution
Missiles
 c - 3 throwing nets (quivered)
Armour
 a - a +0 leather armour
 b - a +0 helmet (worn)
 i - a +0 ring mail
 j - a +0 pair of gloves
 l - a +0 pair of boots (worn)
 p - a +0 chain mail (worn)
Jewellery
 f - a ring of poison resistance (left claw)
Scrolls
 e - a scroll of random uselessness
 h - 2 scrolls of magic mapping
 k - 2 scrolls of remove curse {unknown}
 n - a scroll of amnesia {unknown}
 s - a scroll of identify {unknown}
Potions
 g - a potion of curing
 m - a potion of lignification {unknown}
 o - a potion of flight {unknown}
Comestibles
 d - 5 rations
 r - a chunk of flesh


   Skills:
 + Level 3.2 Fighting
 + Level 1.9 Throwing
 + Level 0.4 Armour
 + Level 3.2 Dodging
 + Level 4.4 Unarmed Combat


You had 3 spell levels left.
You didn't know any spells.

Dungeon Overview and Level Annotations

Branches:
Dungeon (3/15)

Altars:
Vehumet

Portals:
Sewer: D:3


Innate Abilities, Weirdness & Mutations

Your body is rotting away.
You thrive on raw meat.
You are immune to poison.
You have sharp fingernails.
You are carnivorous and can eat meat at any time.
Your flesh is cold resistant. (rC+)
You are immune to negative energy. (rN+++)
You do not regenerate when monsters are visible.
You are immune to unholy pain and torment.
You can survive without breathing.


Message History

The adder closely misses you.
You scratch the crimson imp.
The crimson imp is moderately wounded.
The bat hits you.
* * * LOW HITPOINT WARNING * * *
The bat hits you but does no damage. The river rat bites you.
* * * LOW HITPOINT WARNING * * *
The adder bites you.
* * * LOW HITPOINT WARNING * * *
The crimson imp barely misses you.
You closely miss the adder. The bat closely misses you.
The adder closely misses you. The river rat barely misses you.
The crimson imp hits you.
* * * LOW HITPOINT WARNING * * *
Unknown command.
You barely miss the adder. The adder bites you but does no damage.
The river rat bites you.
* * * LOW HITPOINT WARNING * * *
The crimson imp hits you.
You die...

##################
#....5.S...#.≈≈≈∩#
#.########.#.≈≈≈≈# #.#
#.#..≈≈≈# #.# #.#..≈≈≈#
######S########Sr...≈≈#
.............>#.@5..###
#.####5######.#b##### #
#..## #(# #.####...##
#.# #.........# #.#
#..#...#.5# #.#
#.###.###.# #.#
...#...#..# #.#
#...._....###


You could see a crimson imp, an adder, a river rat and a bat.

Vanquished Creatures
  An orc priest (D:3)
  A worker ant zombie (D:2)
  An adder (D:2)
  An ooze (D:3)
  A dart slug (D:2)
  A leopard gecko (D:3)
  2 orcs (D:3)
  2 giant cockroaches (D:1)
  3 goblins
  A hobgoblin (D:3)
  A quokka (D:3)
  2 ball pythons (D:3)
  3 bats
  3 frilled lizards
  2 kobolds
  4 rats
29 creatures vanquished.

Notes
Turn   | Place    | Note
-------+----------+-------------------------------------------
     0 | D:1      | Fangish the Ghoul Gladiator began the quest for the Orb.
     0 | D:1      | Reached XP level 1. HP: 17/17 MP: 0/0
     3 | D:1      | Noticed an electric eel
     3 | D:1      | Noticed an electric eel
   141 | D:1      | Reached XP level 2. HP: 18/24 MP: 1/1
   582 | D:2      | Reached XP level 3. HP: 24/30 MP: 2/2
   727 | D:3      | Reached skill level 4 in Unarmed Combat
   727 | D:3      | Reached XP level 4. HP: 4/38 MP: 3/3
   873 | D:3      | Found a radiant altar of Vehumet.
   912 | D:3      | Found a glowing drain.
   934 | D:3      | Slain by a crimson imp

Skill      XL: |  1  2  3 |
---------------+----------+-----
Dodging        | 3 |  3.2
Fighting       | 3 |  3.2
Unarmed Combat | 4 |  4.4
Throwing       | |  1.9
Armour         | |  0.4

Action                   |  1- 3 |  4- 6 || total
-------------------------+-------+-------++-------
Melee: Unarmed           |    63 |    46 ||   109
       Punch             |       |     1 ||     1
  Use: Scroll            |     2 |       ||     2
       Potion            |     1 |       ||     1
  Eat: Chunk             |     6 |     5 ||    11
Armor: Leather armour    |     7 |       ||     7
       Chain mail        |    14 |    97 ||   111
Dodge: Dodged            |    29 |    62 ||    91
